 Dungeon Crawl Stone Soup version 0.30.1 (webtiles) character file.

Game seed: 25604522323650700

36357 ANNNA the Severer (level 13, -45/117 HPs)
             Began as a Minotaur Berserker on July 7, 2023.
             Was a High Priest of Trog.
             Annihilated by a very large slime creature (48 damage)
             ... on level 12 of the Dungeon.
             The game lasted 00:38:02 (16187 turns).

ANNNA the Severer (Minotaur Berserker)             Turns: 16187, Time: 00:38:02

Health: -45/117    AC: 24    Str: 31    XL:     13   Next: 52%
Magic:  12/12      EV: 11    Int:  4    God:    Trog [*****.]
Gold:   2507       SH:  5    Dex: 12    Spells: 12/12 levels left

rFire   . . .        e - +2 executioner's axe (vamp)
rCold   . . .        (shield currently unavailable)
rNeg    . . .        X - +0 plate armour
rPois   .            v - +2 hat
rElec   .            b - +0 cloak
rCorr   .            i - +0 pair of gloves
SInv    .            (no boots)
Will    .....        O - amulet of reflection Stlth
                     o - +6 ring of strength
HPRegen 0.39/turn    x - +4 ring of protection
MPRegen 0.13/turn

%: reflection
@: on berserk cooldown, slowed, very slow
A: horns 2, retaliatory headbutt
a: Renounce Religion, Berserk, Trog's Hand, Brothers in Arms


You were on level 12 of the Dungeon.
You worshipped Trog.
Trog was extremely pleased with you.
You visited 4 branches of the dungeon, and saw 16 of its levels.
You also visited: Ossuary and Bailey.

You collected 2563 gold pieces.
You spent 56 gold pieces at shops.

Inventory:

Hand Weapons
 e - a +2 vampiric executioner's axe (weapon)
 K - the +5 short sword "Imp's Undoing" {freeze, +Blink rPois rCorr}
   (You found it on level 7 of the Dungeon)

   rPois:     It protects you from poison.
   +Blink:    It lets you blink.
   rCorr:     It protects you from acid and corrosion.
 P - a +5 war axe
 R - a +3 scimitar of flaming
Missiles
 c - 94 stones (quivered)
 s - 57 poisoned darts
 I - 8 javelins
 J - 13 curare-tipped darts
 M - 9 atropa-tipped darts
 V - 4 datura-tipped darts
Armour
 b - a +0 cloak (worn)
 i - a +0 pair of gloves (worn)
 v - a +2 hat (worn)
 L - a +0 buckler
 X - a +0 plate armour (worn)
Jewellery
 o - a +6 ring of strength (left hand)
 x - a +4 ring of protection (right hand)
 A - an amulet of the acrobat
 E - a ring of protection from fire
 O - an amulet of reflection (around neck)
 U - a +6 ring of dexterity
 Y - a ring of ice
Wands
 r - a wand of light (8)
 t - a wand of mindburst (29)
 w - a wand of iceblast (35)
 z - a wand of flame (7)
Scrolls
 a - a scroll of vulnerability
 d - 3 scrolls of poison
 f - 3 scrolls of immolation
 g - 5 scrolls of teleportation
 h - 2 scrolls of magic mapping
 p - 5 scrolls of fear
 q - 2 scrolls of fog
 y - a scroll of silence
 Z - a scroll of butterflies
Potions
 j - 4 potions of lignification
 k - 4 potions of might
 m - 7 potions of flight
 u - 7 potions of curing
 B - 2 potions of haste
 F - 2 potions of berserk rage
 G - 4 potions of attraction
 H - 3 potions of heal wounds
 Q - a potion of resistance {unknown}
 S - a potion of cancellation {unknown}
 T - a potion of mutation {unknown}
 W - 2 potions of invisibility {unknown}


   Skills:
 * Level 11.9 Fighting
 * Level 19.2 Axes
 * Level 12.7 Armour
 * Level 9.2 Dodging
 + Level 0.9 Stealth
 + Level 3.3 Shields
 * Level 3.8 Evocations


You had 12 spell levels left.
You didn't know any spells.
Your spell library was empty.

Dungeon Overview and Level Annotations

Branches:
Dungeon (12/15)            Temple (0/1) D:5            Lair (1/5) D:11
    Orc (2/2) D:11            Elf (1/3) Orc:2       Ossuary (visited)
 Bailey (visited)

Altars:
Ashenzari
Cheibriados
Fedhas
Gozag
Makhleb
Okawaru
Sif Muna
Vehumet
Wu Jian

Shops:
D:2 [   D:3 ?   D:7 (   D:10 :   Orc:2 =![[

Annotations:
D:4 2 transporters, Sigmuldom's ghost, amateur HuFE


Innate Abilities, Weirdness & Mutations

You have a pair of horns on your head.
You reflexively headbutt those who attack you in melee.


Message History

The bolt of magma hits you!
A red film seems to cover your vision as you go berserk!
You feel yourself moving faster!
You feel mighty!
The slime creature quivers.
The cyclops throws a large rock.
The large rock hits you!
The molten gargoyle blasts magma at you!
The bolt of magma hits you!!
You chop the molten gargoyle into pieces!!!
You feel the power of Trog in you as your rage grows.
You destroy the molten gargoyle!
Trog accepts your kill.
You feel a strong urge to attack something.
Two slime creatures merge to form a large slime creature.
Two slime creatures merge to form a very large slime creature. x2
You slice the cyclops!!
The cyclops is heavily wounded.
You hit the very large slime creature.
You feel better.
The cyclops hits you but does no damage.
Unknown command.
You slice the cyclops!!
You feel better.
You kill the cyclops!
Trog accepts your kill.
You barely miss the very large slime creature.
The very large slime creature hits you!!!
You hear an angry hiss.
You feel a strong urge to attack something.
Two slime creatures merge to form a very large slime creature.
You feel your anger nearly subside.
You are no longer berserk.
You are exhausted.
You feel yourself slow down.
The very large slime creature hits you!!!
* * * LOW HITPOINT WARNING * * *
Blink to where?
Press: ? - help, Dir - move target
As you read the scroll of blinking, it crumbles to dust.
The very large slime creature attacks as you move away!
The very large slime creature hits you!!
* * * LOW HITPOINT WARNING * * *
The very large slime creature hits you!!!
You die...

.#.### #.####.....###.####
#...9####.##.......# #....#
.#..9.9......##....###.##.#
.....####.######........#.#
.....# #..........#####.#.##
.....###.J.######.# #.#..#
#..###.......###..# #.##.#
#............J.#..# #.##.##
##.###.......#.J@.#####.....#
#.# ###...#...#........##..#
#.# #...#####.#####..##..#
#.# ##.## #.# ##.##..# #.#
#.######.### #.##..# #.#
#[.........# #.##..# #.#
###.##.#####^# #.##..# #.#
#.......# #.####.##.[#
#.#####.# #..........#


You could see a very large slime creature and 2 slime creatures.

Vanquished Creatures
  A hydra (D:11)
  A centaur warrior (D:9)
  Erica (D:9)
  8 two-headed ogres
  4 orc high priests (Orc:2)
  Urug (D:11)
  Sonja (D:10)
  Pikel (D:4)
  4 orc sorcerers (Orc:2)
  6 orc knights
  A wolf spider (D:11)
  A manticore (D:11)
  An ugly thing (D:11)
  7 cyclopes
  A molten gargoyle (D:12)
  A gargoyle (D:11)
  An unseen horror (D:10)
  2 kobold demonologists
  A komodo dragon (D:12)
  7 trolls
  3 hornets
  The ghost of Tali the Chopper, an amateur DsBe of Trog (D:5)
  Sigmund (D:2)
  4 wraiths
  21 yaks
  A wyvern (D:8)
  A basilisk (D:11)
  3 wargs (Orc:2)
  Menkaure (D:7)
  Edmund (D:4)
  Duvessa (D:7)
  An acid dragon (D:9)
  2 water moccasins
  A sky beast (D:8)
  26 orc warriors
  An ice beast (D:8)
  6 black bears
  11 ogres
  4 wolves (Lair:1)
  8 centaurs
  A lemure (D:4)
  A phantom (D:4)
  10 kobold brigands
  6 bullfrogs
  5 scorpions
  A gnoll sergeant (D:7)
  12 wights
  Dowan (D:7)
  4 howler monkeys
  3 hounds
  A centaur zombie (D:5)
  2 gnoll boudas
  Crazy Yiuf (D:3)
  17 orc priests
  2 sleepcaps
  Jessica (D:2)
  A bullfrog skeleton (D:5)
  Ijyb (D:3)
  Terence (D:2)
  5 iguanas
  Natasha (twice) (D:3)
  23 orc wizards
  3 mummies (Ossuary)
  8 gnolls
  5 adders
  3 white imps
  2 ufetubi
  3 worms
  2 dart slugs
  50 orcs
  12 endoplasms
  6 giant cockroaches
  6 goblins
  3 hobgoblins
  12 jackals
  3 quokkas
  5 ball pythons
  3 bats (D:1)
  4 frilled lizards
  2 goblin zombies (Ossuary)
  3 hobgoblin zombies (Ossuary)
  21 kobolds
  7 kobold zombies (Ossuary)
  7 rats
  A spectral goblin (D:1)
421 creatures vanquished.

Vanquished Creatures (others)
  2 orc priests (Orc:2)
2 creatures vanquished.

Grand Total: 423 creatures vanquished

Notes
Turn   | Place    | Note
-------+----------+-------------------------------------------
     0 | D:1      | ANNNA the Minotaur Berserker began the quest for the Orb.
     0 | D:1      | Reached XP level 1. HP: 19/19 MP: 0/0
    97 | D:1      | Reached XP level 2. HP: 25/27 MP: 1/1
   102 | D:1      | Reached skill level 4 in Axes
   395 | D:1      | Reached ** piety under Trog
   396 | D:1      | Reached XP level 3. HP: 33/33 MP: 2/2
   572 | D:1      | Found a faded altar of an unknown god.
  1134 | D:2      | Noticed Terence
  1145 | D:2      | Killed Terence
  1146 | D:2      | Reached skill level 5 in Axes
  1146 | D:2      | Reached XP level 4. HP: 36/41 MP: 3/3
  1194 | D:2      | Noticed Jessica
  1212 | D:2      | Killed Jessica
  1274 | D:2      | Reached XP level 5. HP: 45/47 MP: 4/4
  1312 | D:2      | Noticed Sigmund
  1320 | D:2      | Killed Sigmund
  1321 | D:2      | Reached skill level 5 in Fighting
  1321 | D:2      | Reached skill level 6 in Axes
  1321 | D:2      | Reached XP level 6. HP: 56/56 MP: 5/5
  1540 | D:2      | Found Wiloxtoy's Armour Shoppe.
  2009 | D:3      | Noticed Ijyb
  2032 | D:3      | Killed Ijyb
  2325 | D:3      | Reached skill level 7 in Axes
  2621 | D:3      | Noticed Natasha
  2630 | D:3      | Killed Natasha
  2630 | D:3      | Reached *** piety under Trog
  2762 | D:3      | Found a shimmering blue altar of Sif Muna.
  2826 | D:3      | Found a runed translucent door.
  2827 | D:3      | Noticed Crazy Yiuf
  2912 | D:3      | Noticed Natasha
  2916 | D:3      | Killed Natasha
  2930 | D:3      | Found Hiannute's Magic Scroll Shoppe.
  2936 | D:3      | Bought a scroll of identify for 28 gold pieces
  2936 | D:3      | Bought a scroll of identify for 28 gold pieces
  3058 | D:3      | Killed Crazy Yiuf
  3059 | D:3      | Reached XP level 7. HP: 61/61 MP: 6/6
  3345 | D:4      | Found a transporter.
  3400 | D:4      | Noticed Sigmuldom's ghost (amateur HuFE)
  3414 | D:4      | Found a transporter.
  3458 | D:4      | Found a radiant altar of Vehumet.
  3474 | D:4      | Reached skill level 8 in Axes
  3659 | D:4      | Reached skill level 5 in Armour
  3692 | D:4      | Noticed Edmund
  3702 | D:4      | Killed Edmund
  3790 | D:4      | Noticed Pikel
  3819 | D:4      | Killed Pikel
  3820 | D:4      | Reached skill level 9 in Axes
  3820 | D:4      | Reached XP level 8. HP: 71/71 MP: 7/7
  4431 | D:5      | Entered Level 5 of the Dungeon
  4431 | D:5      | Found a sand-covered staircase.
  4483 | Ossuary  | Entered an ossuary
  5030 | D:5      | Reached skill level 10 in Axes
  5120 | D:5      | Found a runed translucent gate.
  5120 | D:5      | Found a runed translucent gate.
  5120 | D:5      | Found a runed translucent gate.
  5123 | D:5      | Identified the +1 robe "Narumm" {Contam rC- Int+6}
  5132 | D:5      | Noticed Tali's ghost (amateur DsBe)
  5180 | D:5      | Identified a scroll of acquirement
  5184 | D:5      | Found a staircase to the Ecumenical Temple.
  5194 | D:5      | Acquired a +2 vampiric executioner's axe
  5241 | D:5      | Reached XP level 9. HP: 70/79 MP: 8/8
  5408 | D:5      | Found a blossoming altar of Fedhas.
  5563 | D:5      | Killed Tali's ghost
  5767 | D:6      | Reached **** piety under Trog
  5773 | D:6      | Reached skill level 11 in Axes
  5773 | D:6      | Reached skill level 5 in Dodging
  6394 | D:6      | Found a broken altar of Ashenzari.
  6766 | D:7      | Noticed Menkaure
  6768 | D:7      | Killed Menkaure
  6801 | D:7      | Noticed a two-headed ogre
  6809 | D:7      | Noticed a kobold demonologist
  6811 | D:7      | Killed a two-headed ogre
  6812 | D:7      | Reached skill level 12 in Axes
  6816 | D:7      | Killed a kobold demonologist
  6930 | D:7      | Found Ymenu's Firing Range.
  6933 | D:7      | Reached XP level 10. HP: 83/88 MP: 9/9
  7167 | D:7      | Noticed a cyclops
  7172 | D:7      | Killed a cyclops
  7249 | D:7      | Noticed a cyclops
  7259 | D:7      | Killed a cyclops
  7260 | D:7      | Reached skill level 13 in Axes
  7321 | D:7      | Noticed Duvessa
  7326 | D:7      | Noticed Dowan
  7329 | D:7      | Killed Duvessa
  7331 | D:7      | Killed Dowan
  7425 | D:7      | Identified the +5 short sword "Imp's Undoing" {freeze,
                  | +Blink rPois rCorr}
  7580 | D:7      | Found an ornate altar of the Wu Jian Council.
  7989 | D:8      | Found a snail-covered altar of Cheibriados.
  7999 | D:8      | Reached skill level 14 in Axes
  8357 | D:8      | Found an iron altar of Okawaru.
  8404 | D:8      | Reached ***** piety under Trog
  8569 | D:8      | Found an opulent altar of Gozag.
  8665 | D:9      | Noticed Erica
  8726 | D:9      | Reached skill level 1 in Shields
  8743 | D:9      | Reached XP level 11. HP: 97/97 MP: 10/10
  8792 | D:9      | Noticed a two-headed ogre
  8812 | D:9      | Killed a two-headed ogre
  8813 | D:9      | Reached skill level 15 in Axes
  9049 | D:9      | Killed Erica
  9249 | D:9      | Noticed a two-headed ogre
  9252 | D:9      | Noticed a two-headed ogre
  9253 | D:9      | Killed a two-headed ogre
  9256 | D:9      | Reached skill level 10 in Armour
  9261 | D:9      | Killed a two-headed ogre
  9360 | D:9      | Paralysed by a hornet for 1 turns
  9362 | D:9      | Paralysed by a hornet for 2 turns
  9546 | D:9      | Noticed a centaur warrior
  9551 | D:9      | Killed a centaur warrior
  9552 | D:9      | Reached skill level 10 in Fighting
  9552 | D:9      | Reached skill level 16 in Axes
  9704 | D:10     | Entered Level 10 of the Dungeon
  9872 | D:10     | Found Meaqif's Self-Improvement Boutique.
  9936 | D:10     | Noticed Sonja
  9956 | D:10     | Killed Sonja
  9997 | D:10     | Noticed a two-headed ogre
 10002 | D:10     | Killed a two-headed ogre
 10003 | D:10     | Reached XP level 12. HP: 104/104 MP: 11/11
 10048 | D:10     | Found a flagged portal.
 10058 | Bailey   | Entered a bailey
 10295 | Bailey   | Found the +3 greatsling "Punk" {acid, rCorr}
 10297 | Bailey   | Found an iron altar of Okawaru.
 10709 | D:10     | Reached skill level 17 in Axes
 10925 | D:10     | Noticed a two-headed ogre
 10930 | D:10     | Killed a two-headed ogre
 10930 | D:10     | Received a gift from Trog
 11728 | D:11     | Found a staircase to the Lair.
 11920 | D:11     | Reached skill level 1 in Evocations
 12092 | D:11     | Noticed a six-headed hydra
 12101 | D:11     | Killed a nine-headed hydra
 12102 | D:11     | Reached skill level 18 in Axes
 12556 | D:11     | Noticed a two-headed ogre
 12560 | D:11     | Killed a two-headed ogre
 12634 | D:11     | Noticed a two-headed ogre
 12639 | D:11     | Killed a two-headed ogre
 12797 | D:11     | Noticed Urug
 12814 | D:11     | Killed Urug
 12908 | D:11     | Found a staircase to the Orcish Mines.
 13217 | Lair:1   | Entered Level 1 of the Lair of Beasts
 13296 | Orc:1    | Entered Level 1 of the Orcish Mines
 13683 | Orc:1    | Reached XP level 13. HP: 116/116 MP: 12/12
 14159 | Orc:2    | Entered Level 2 of the Orcish Mines
 14206 | Orc:2    | Found a burning altar of Makhleb.
 14226 | Orc:2    | Found a staircase to the Elven Halls.
 14449 | Orc:2    | Received a gift from Trog
 14749 | Orc:2    | Found Aneapou's Armour Emporium.
 15029 | Orc:2    | Reached skill level 19 in Axes
 15042 | Orc:2    | Found Hyhemp's Armour Emporium.
 15236 | Orc:2    | Found Epnerchid's Distillery.
 15242 | Orc:2    | Found Diuts's Jewellery Shop.
 15594 | Elf:1    | Entered Level 1 of the Elven Halls
 16187 | D:12     | HP: 2/117 [very large slime creature (27)]
 16187 | D:12     | Annihilated by a very large slime creature

Illustrated notes

Levels and vault maps discovered:
D:1:      dpeg_arrival_ternary, layout_basic,
          dreamdust_ecumenical_altar_drowned_temple
D:2:      layout_loops_cross, serial_shops, shop_statue, cheibrodos_gnoll_hut,
          uniq_sigmund, uniq_jessica, uniq_terence
D:3:      layout_basic, nicolae_overflow_crystal_walls, serial_shops,
          nicolae_shop_waterfront, uniq_natasha, uniq_ijyb,
          uniq_crazy_yiuf_cottage
D:4:      layout_gridville, nicolae_vehumet_radiance,
          gammafunk_ghost_stat_death, uniq_pikel, uniq_edmund
D:5:      layout_basic, mainiacjoe_overflow_alcove_2,
          minmay_temple_entry_mini_moons, nicolae_ossuary_entry_ruins,
          gammafunk_ghost_necromancy, chequers_serial_rivers_small_b,
          minmay_misc_feat_alley
D:6:      layout_basic, kennysheep_mini_moat, serial_rivers,
          chequers_serial_rivers_small_3, chequers_serial_rivers_room_a,
          chequers_serial_rivers_small_3, chequers_serial_rivers_small_a,
          grunt_decor_clamped, minmay_strange_pillars, bh_walls_and_bars
D:7:      minmay_the_grid_octo_2x2 [minmay_the_grid_octo_teeth,
          minmay_the_grid_octo_empty, minmay_the_grid_octo_chip,
          minmay_the_grid_octo_prize_square_snowflake], layout_basic,
          mainiacjoe_overflow_brackets, nicolae_shop_firing_range, uniq_duvessa,
          uniq_menkaure
D:8:      layout_basic, grunt_gozag_breadcrumbs,
          mainiacjoe_overflow_surrounded_room, general_overflow_altar,
          minmay_fractal_squares_5
D:9:      nzn_winding_woodlands_medium [nzn_winding_woodlands_5x5_default,
          nzn_winding_woodlands_5x15_concentric,
          nzn_winding_woodlands_5x5_open_star, nzn_winding_woodlands_5x5_three,
          nzn_winding_woodlands_center_diamonds,
          nzn_winding_woodlands_hourglass, nzn_winding_woodlands_5x5_perimeter,
          nzn_winding_woodlands_5x15_longhouse,
          nzn_winding_woodlands_5x5_default], layout_rooms, uniq_erica
D:10:     layout_grid_maze, enter_bailey_1, nicolae_shop_self_help, uniq_sonja
D:11:     layout_basic, grunt_lair_entry_orc_guard_hut, hiddenorc1_lemuel,
          kb_rosetta, uniq_urug
D:12:     layout_loops_ring, ebering_ghost_inner_flame, minivault_8, uniq_lodul
Lair:1:   minmay_lair_oklob_chamber, layout_regular_city
Orc:1:    layout_caves, nicolae_orc_bridge_out, nicolae_orc_tapped_out
Orc:2:    st_orc_elflike, layout_caves, bloody_makhleb
Elf:1:    nicolae_elf_arrival_aired_out, layout_loops_cross,
          hangedman_elf_represent, nicolae_shop_vocational, uniq_louise,
          uniq_roxanne

Skill      XL: |  1  2  3  4  5  6  7  8  9 10 11 12 13 |
---------------+----------------------------------------+-----
Axes           | 4 5 6 7 9 10 12 14 16 18 19 | 19.2
Fighting       | 4 5 6 7 9 10 11 | 11.9
Armour         | 3 4 6 7 8 9 11 12 | 12.7
Dodging        | 3 4 5 6 7 8 9 |  9.2
Shields        | 1 2 3 |  3.3
Evocations     | 2 3 |  3.8
Stealth        | |  0.9

Action                     |  1- 3 |  4- 6 |  7- 9 | 10-12 | 13-15 || total
---------------------------+-------+-------+-------+-------+-------++-------
  Melee: Hand axe          |    84 |    88 |   137 |       |       ||   309
         Headbutt          |     8 |     8 |    43 |    75 |    24 ||   158
         Punch             |     1 |     1 |     3 |       |       ||     5
         Executioner's axe |       |       |    78 |   385 |   136 ||   599
 Invoke: Berserk           |     1 |     5 |     7 |    14 |     4 ||    31
         Trog's Hand       |     1 |     1 |     1 |     2 |     1 ||     6
  Evoke: Wand              |       |       |       |     1 |       ||     1
    Use: Scroll            |       |    10 |     6 |     6 |     6 ||    28
 Armour: Animal skin       |     5 |       |       |       |       ||     5
         Leather armour    |    21 |     1 |       |       |       ||    22
         Chain mail        |       |    31 |    85 |   187 |       ||   303
         Plate armour      |       |       |       |    48 |    57 ||   105
  Dodge: Dodged            |    56 |    35 |   120 |   282 |    55 ||   548
  Block: Other             |       |       |       |    79 |    27 ||   106
         Reflection        |       |       |       |    23 |       ||    23
